 Dungeon Crawl Stone Soup version 0.31-a0-986-g5e6e4ef867 (webtiles) character file.

Game seed: 15505938369768241313

144 jasper the Changeling (level 5, -4/72 HPs)
             Began as an Ogre Shapeshifter on Nov 22, 2023.
             Was a Follower of Fedhas.
             Slain by a gnoll
             ... wielding a +0 flail
              (5 damage)
             ... on level 4 of the Dungeon.
             The game lasted 00:03:37 (2288 turns).

jasper the Changeling (Ogre Shapeshifter)           Turns: 2288, Time: 00:03:38

Health: -4/72      AC: 22    Str: 18    XL:     5   Next: 26%
Magic:  5/5        EV:  1    Int: 11    God:    Fedhas [*.....]
Gold:   160        SH:  0    Dex: 10    Spells: 4/4 levels left

rFire   . .          .
                       - Unarmed
rCold   . . .        (no shield)
rNeg    . . .        k - melded +0 shadow dragon scales
rPois   +            (helmet currently unavailable)
rElec   .            (cloak currently unavailable)
rCorr   .            (gloves unavailable)
SInv    .            (boots unavailable)
Will    .....        (no amulet)
Stlth   +            (no ring)
HPRegen 0.32/turn    (no ring)
MPRegen 0.09/turn

%: no passive effects
@: tree-form
A: stationary, stasis, torment immunity, boosted hp, large, unfitting armour,
(tough skin 1)
a: Renounce Religion


You were on level 4 of the Dungeon.
You worshipped Fedhas.
Fedhas was aware of your devotion.
You were a tree.
You visited 1 branch of the dungeon, and saw 4 of its levels.

You collected 160 gold pieces.

Inventory:

Hand Weapons
 g - a +0 antimagic spear
Missiles
 o - 27 stones
Armour
 a - a +0 animal skin
 k - +0 shadow dragon scales (melded)
Jewellery
 p - a ring of flight
Talismans
 c - a beast talisman
 d - a flux talisman
Potions
 e - a potion of degeneration
 f - 2 potions of cancellation
 h - a potion of attraction
 i - 3 potions of curing {unknown}
 j - 2 potions of mutation {unknown}
 l - a potion of enlightenment {unknown}
 n - a potion of haste {unknown}


   Skills:
 - Level 1.3 Fighting
 - Level 1.7 Dodging
 - Level 2.6 Unarmed Combat
 + Level 5.4 Shapeshifting


You had 4 spell levels left.
You didn't know any spells.
Your spell library contained the following spells:

 Spells                   Type           Power      Damage    Failure   Level
 Sting                    Tmut/Pois      0%         1d3       34%         1
 Poisonous Vapours        Pois/Air       0%         N/A       47%         2
 Summon Guardian Golem    Hex/Summ       0%         N/A       71%         3
 Olgreb's Toxic Radiance  Pois           0%         N/A       98%         4
 Orb of Destruction       Conj           0%         9d5       100%        7
 Spellforged Servitor     Conj/Summ      0%         N/A       100%        7


Dungeon Overview and Level Annotations

Branches:
Dungeon (4/15)
 Temple: D:4-7

Altars:
Elyvilon
Fedhas


Innate Abilities, Weirdness & Mutations

You are a tree.
Your roots penetrate the ground, keeping you stationary.
You cannot be teleported.
You are immune to unholy pain and torment.
Your maximum health is greatly increased.
Your equipment is partially melded.
You are too large for most types of armour.
((You have tough skin. (AC +1)))


Message History

You kill the gnoll!
Fedhas appreciates your contribution to the ecosystem.
The quokka bites you but does no damage.
You barely miss the gnoll.
The quokka bites you but does no damage.
The gnoll hits you but does no damage. The quokka barely misses you.
You closely miss the gnoll. The gnoll hits you with a +0 flail.
* * * LOW HITPOINT WARNING * * *
The quokka bites you but does no damage.
You take 4 damage, and have 10/48 hp.
You hit the gnoll.
The gnoll is lightly wounded.
The gnoll hits you with a +0 flail.
* * * LOW HITPOINT WARNING * * *
The quokka barely misses you.
You take 6 damage, and have 4/48 hp.
You hit the gnoll but do no damage.
The gnoll is lightly wounded.
The gnoll hits you but does no damage. The quokka bites you.
* * * LOW HITPOINT WARNING * * *
Your transformation has ended.
You turn into a tree.
Your +0 shadow dragon scales melds into your body.
Your roots penetrate the ground.
The quokka bites you but does no damage.
The gnoll hits you with a +0 flail.
* * * LOW HITPOINT WARNING * * *
You now have 2/72 hp.
You hit the gnoll but do no damage.
The gnoll is lightly wounded.
The quokka bites you.
* * * LOW HITPOINT WARNING * * *
The gnoll hits you but does no damage.
You take 1 damage, and have 1/72 hp.
You closely miss the gnoll.
The gnoll is lightly wounded.
The quokka bites you but does no damage.
The gnoll hits you with a +0 flail.
You die...
Fedhas appreciates your contribution to the ecosystem.

.. #. ..###
#..###. ....#
#.....###...#
##.....#.#>.##
........>†...#
......)†<....# .
........)##.##...
###..####g.....#
#.. ##♣.###.# ...
#.r....... ...
##.##....# ..#
### ..#.. .# # .
##


You could see a gnoll and a quokka.

Vanquished Creatures
  A hound (D:4)
  3 gnolls
  An adder (D:4)
  3 worms
  3 dart slugs
  An orc (D:4)
  2 bats (D:1)
  5 endoplasms
  3 giant cockroaches
  7 goblins
  7 hobgoblins
  2 jackals (D:1)
  A quokka (D:2)
  4 ball pythons
  2 frilled lizards (D:1)
  7 kobolds
  5 rats
57 creatures vanquished.

Notes
Turn   | Place    | Note
-------+----------+-------------------------------------------
     0 | D:1      | jasper the Ogre Shapeshifter began the quest for the Orb.
     0 | D:1      | Reached XP level 1. HP: 19/19 MP: 1/1
   157 | D:1      | Reached XP level 2. HP: 27/27 MP: 2/2
   738 | D:2      | Reached XP level 3. HP: 30/33 MP: 3/3
   784 | D:2      | Reached skill level 4 in Shapeshifting
  1788 | D:3      | Found a white marble altar of Elyvilon.
  1930 | D:3      | Reached XP level 4. HP: 41/41 MP: 4/4
  1931 | D:3      | Found a faded altar of an unknown god.
  1943 | D:3      | Prayed at the altar of an unknown god.
  1943 | D:3      | Became a worshipper of Fedhas Madash
  1943 | D:3      | Reached * piety under Fedhas
  2256 | D:4      | Reached skill level 5 in Shapeshifting
  2278 | D:4      | Reached XP level 5. HP: 34/48 MP: 5/5
  2286 | D:4      | HP: 2/72 [gnoll/+0 flail (4)]
  2288 | D:4      | Slain by a gnoll

Illustrated notes

Levels and vault maps discovered:
D:1:      giann_bridges, layout_basic, minmay_crystal_water
D:2:      layout_basic, minmay_diced_spiral
D:3:      layout_basic, nicolae_elyvilon_peaceful_grove, basic_ecumenical_altar
D:4:      layout_cave_pools, nrook_uturn, minmay_surrounded, uniq_grinder

Skill      XL: |  1  2  3  4 |
---------------+-------------+-----
Shapeshifting  | 4 5 |  5.4
Fighting       | |  1.3
Dodging        | |  1.7
Unarmed Combat | |  2.6

Action                     |  1- 3 |  4- 6 || total
---------------------------+-------+-------++-------
  Melee: Unarmed           |    82 |    62 ||   144
         Punch             |     2 |     2 ||     4
  Throw: Stone             |    17 |       ||    17
         Boomerang         |    27 |    14 ||    41
    Use: Scroll            |     5 |     1 ||     6
         Potion            |       |     1 ||     1
 Armour: Animal skin       |    46 |       ||    46
         Shadow dragon sca |     6 |    67 ||    73
         Skin              |       |     6 ||     6
  Dodge: Dodged            |    28 |    11 ||    39

Table legend: (Time is in decaauts)
 A = Elapsed time spent in this place.
 B = Non-inter-level travel time spent in this place.
 C = Inter-level travel time spent in this place.
 D = Time resting spent in this place.
 E = Time spent auto-exploring this place.
 F = Levels seen in this place.
 G = Mean time per level.
                   A        B        C        D        E       F      G
               +--------+--------+--------+--------+--------+-----+--------+
         Total |   2294 |   2215 |     79 |     70 |   1670 |   4 |  573.5 |
       Dungeon |   2294 |   2215 |     79 |     70 |   1670 |   4 |  573.5 |
               +--------+--------+--------+--------+--------+-----+--------+

Top non-repeatable levels by time:
     D:2: 1044 daAuts
     D:3: 588 daAuts
     D:1: 587 daAuts
     D:4: 73 daAuts
